 Dungeon Crawl Stone Soup version 0.30-a0-414-gcb316572d5 (webtiles) character file.

Game seed: 14595661413120569275

7541 p00ps00p the Cleaver (level 11, -9/81 (101) HPs)
             Began as a Hill Orc Fighter on Dec 8, 2022.
             Was an Initiate of Gozag.
             Mangled by a chaos spawn (11 damage)
             ... summoned by an orc sorcerer
             ... while paralysed by an orc sorcerer
             ... on level 1 of the Orcish Mines.
             The game lasted 00:20:53 (10795 turns).

p00ps00p the Cleaver (Hill Orc Fighter)            Turns: 10795, Time: 00:20:55

HP:   -9/81 (101)   AC: 20    Str: 24    XL:     11   Next: 16%
MP:   11/11         EV:  2    Int:  8    God:    Gozag
Gold: 650           SH:  0    Dex: 10    Spells: 10/10 levels left

rFire   . . .      SeeInvis .    a - +5 war axe
rCold   . . .      Faith    .    c - +0 buckler
rNeg    . . .      Spirit   .    s - +3 chain mail
rPois   .          Reflect  .    w - +2 hat {Stlth+}
rElec   .          Harm     .    e - +0 cloak
rCorr   .          Rampage  .    h - +1 pair of gloves
Will    .....                    (no boots)
Stlth   ..........               (no amulet)
HPRegen 0.33/turn                i - +4 ring of slaying
MPRegen 0.12/turn                (no ring)

@: paralysed, heavily drained
A: no striking features
a: Renounce Religion, Potion Petition, Call Merchant, Bribe Branch


You were on level 1 of the Orcish Mines.
You worshipped Gozag.
Gozag was pleased with you.
You visited 3 branches of the dungeon, and saw 13 of its levels.

You collected 836 gold pieces.
You paid 186 gold pieces to Gozag.

Inventory:

Hand Weapons
 a - a +5 war axe (weapon)
 G - a +2 hand axe of flaming
Missiles
 q - 2 boomerangs of dispersal (quivered)
 x - 25 poisoned darts
Armour
 c - a +0 buckler (worn)
 e - a +0 cloak (worn)
 h - a +1 pair of gloves (worn)
 m - a +0 helmet
 s - a +3 chain mail (worn)
 w - a +2 hat of stealth (worn)
Jewellery
 i - a +4 ring of slaying (left hand)
 I - an amulet of guardian spirit
Wands
 b - a wand of digging (1)
 l - a wand of flame (28)
 t - a wand of iceblast (23)
 C - a wand of acid (3)
Scrolls
 d - 2 scrolls of immolation
 k - 6 scrolls of blinking
 y - 3 scrolls of teleportation
 z - a scroll of fear
 F - 2 scrolls of magic mapping
Potions
 f - a potion of experience
 g - a potion of lignification
 n - a potion of mutation
 o - 2 potions of degeneration
 p - a potion of ambrosia
 r - 2 potions of brilliance
 u - 3 potions of invisibility
 v - a potion of cancellation
 D - a potion of haste
 H - a potion of might
 J - a potion of berserk rage {unknown}
Miscellaneous
 j - a phantom mirror


   Skills:
 + Level 10.8 Fighting
 + Level 11.3 Axes
 + Level 9.9 Armour
 + Level 9.9 Shields


You had 10 spell levels left.
You didn't know any spells.
Your spell library contained the following spells:

 Spells                   Type           Power      Damage    Failure   Level
 Beastly Appendage        Tmut           0%         N/A       96%         1
 Wereblood                Tmut           0%         N/A       99%         2
 Dazzling Flash           Conj/Hex       0%         N/A       100%        3
 Frozen Ramparts          Ice            0%         1d1       100%        3
 Spider Form              Tmut/Pois      0%         N/A       100%        3
 Summon Guardian Golem    Hex/Summ       0%         N/A       100%        3
 Swiftness                Air            0%         N/A       100%        3
 Ice Form                 Ice/Tmut       0%         N/A       100%        4
 Manifold Assault         Tloc           0%         N/A       100%        4
 Summon Ice Beast         Ice/Summ       0%         N/A       100%        4
 Agony                    Necr           0%         N/A       100%        5
 Borgnjor's Vile Clutch   Necr/Erth      0%         N/A       100%        5
 Silence                  Hex/Air        0%         N/A       100%        5
 Death Channel            Necr           0%         N/A       100%        6
 Malign Gateway           Summ/Tloc      0%         N/A       100%        7
 Orb of Destruction       Conj           0%         9d5       100%        7
 Spellforged Servitor     Conj/Summ      0%         N/A       100%        7
 Animate Dead             Necr           Unusable   N/A       N/A         4

Dungeon Overview and Level Annotations

Branches:
Dungeon (10/15)            Temple (1/1) D:7            Lair (0/5) D:9
    Orc (2/2) D:10
    Elf: Orc:2

Altars:
Cheibriados
Dithmenos
Elyvilon
Fedhas
Gozag
Hepliaklqana
Kikubaaqudgha
Makhleb
Nemelex Xobeh
Okawaru
Qazlal
Ru
Sif Muna
Trog
Uskayaw
Vehumet
Wu Jian
Xom
Yredelemnul
Zin
The Shining One

Shops:
D:6 (   D:8 =


Message History

The orc sorcerer points at you and mumbles some strange words.
The bolt of fire hits you!
The orc sorcerer gestures wildly while chanting.
The orc sorcerer casts a spell at you. The bolt of negative energy hits you!
You feel drained.
The orc sorcerer gestures at you while chanting.
The bolt of negative energy hits you!!
You feel drained.
The orc sorcerer mumbles some strange words.
You climb upwards.
There is a stone staircase leading down here.
You hit the orc sorcerer.
The orc sorcerer is lightly wounded.
The orc sorcerer hits you but does no damage.
You barely miss the orc sorcerer.
The orc sorcerer is lightly wounded.
The orc sorcerer barely misses you.
You hit the orc sorcerer.
The orc sorcerer is lightly wounded.
The orc sorcerer hits you but does no damage.
You hit the orc sorcerer.
The orc sorcerer is moderately wounded.
The orc sorcerer hits you but does no damage.
You closely miss the orc sorcerer.
The orc sorcerer is moderately wounded.
The orc sorcerer casts a spell at you.
You suddenly lose the ability to move!
The orc sorcerer becomes larger for a moment.
The orc sorcerer hits you but does no damage.
The orc sorcerer hits you but does no damage.
The orc sorcerer gestures wildly while chanting.
The orc sorcerer hits you but does no damage.
The chaos spawn completely misses you.
The orc sorcerer gestures at you while chanting.
The bolt of negative energy hits you!!
You feel drained.
* * * LOW HITPOINT WARNING * * *
The chaos spawn gores you.
* * * LOW HITPOINT WARNING * * *
You are engulfed in flames!
You die...
Your body crumbles into a pile of gold.

#...........##
####..##.......##
##.....###.#.....#
#.......#.......##
##.#...........##
###.##.<.....##
#...#.....###
##.##..[4.#.## $
##.###.@.....#
#....###o...##
##....###.###
###.## ### ###


You could see a chaos spawn (summoned) and an orc sorcerer.

Vanquished Creatures
  A two-headed ogre (D:9)
  Pikel (D:4)
  A komodo dragon (D:9)
  A troll (Orc:2)
  Grinder (D:3)
  A shadow (D:9)
  A wyvern (D:9)
  A wraith (D:10)
  A human (D:10)
  2 basilisks (D:9)
  Eustachio (D:6)
  2 steam dragons (D:9)
  An acid dragon (D:5)
  A water moccasin (D:8)
  A sky beast (D:8)
  2 ice beasts
  6 orc warriors
  A black bear (D:6)
  4 ogres
  2 lemures (D:4)
  5 centaurs
  3 kobold brigands
  A phantom (D:6)
  A bullfrog (D:6)
  A necrophage (D:5)
  7 scorpions
  A gnoll sergeant (D:9)
  3 wights (D:9)
  10 howler monkeys
  3 jellies
  7 hounds
  7 orc priests
  Ijyb (D:3)
  Crazy Yiuf (D:3)
  Jessica (D:2)
  7 orc wizards
  Natasha (twice) (D:4)
  An iguana (D:7)
  Robin (D:4)
  7 adders
  5 gnolls (D:9)
  3 shadow imps
  5 white imps
  An ufetubus (D:6)
  A worm (D:5)
  4 dart slugs
  32 orcs
  6 bats
  6 endoplasms
  A giant cockroach (D:4)
  11 goblins
  11 hobgoblins
  2 jackals (D:1)
  A quokka (D:3)
  6 ball pythons
  A frilled lizard (D:1)
  21 kobolds
  4 rats
223 creatures vanquished.

Vanquished Creatures (others)
  A shadow (D:10)
  An orc wizard (D:9)
  An orc (D:9)
  2 fungi (Orc:2)
5 creatures vanquished.

Grand Total: 228 creatures vanquished

Notes
Turn   | Place    | Note
-------+----------+-------------------------------------------
     0 | D:1      | p00ps00p the Hill Orc Fighter began the quest for the Orb.
     0 | D:1      | Reached XP level 1. HP: 19/19 MP: 1/1
    17 | D:1      | Got Necsig's Textbook on Elliptic Lightning
   210 | D:1      | Reached skill level 3 in Axes
   210 | D:1      | Reached XP level 2. HP: 26/27 MP: 2/2
   446 | D:1      | Reached XP level 3. HP: 32/33 MP: 3/3
   555 | D:2      | Found a stormy altar of Qazlal.
   899 | D:2      | Noticed Jessica
   904 | D:2      | Killed Jessica
   905 | D:2      | Reached XP level 4. HP: 40/40 MP: 4/4
  1246 | D:2      | Found a faded altar of an unknown god.
  1663 | D:3      | Noticed an ice beast
  1664 | D:3      | Found a shimmering altar of Xom.
  1669 | D:3      | Noticed Grinder
  1678 | D:4      | Killed an ice beast
  1679 | D:4      | Reached skill level 4 in Axes
  1679 | D:4      | Reached XP level 5. HP: 11/47 MP: 5/5
  1944 | D:4      | Noticed Robin
  1960 | D:4      | Killed Robin
  1961 | D:4      | Noticed Pikel
  2192 | D:3      | Noticed Ijyb
  2195 | D:3      | Paralysed by Grinder for 5 turns
  2209 | D:3      | Killed Ijyb
  2210 | D:3      | Reached XP level 6. HP: 7/55 MP: 6/6
  2210 | D:3      | Paralysed by Grinder for 5 turns
  2219 | D:3      | Killed Grinder
  2220 | D:3      | Reached skill level 5 in Fighting
  2220 | D:3      | Reached skill level 5 in Axes
  2220 | D:3      | Reached skill level 5 in Armour
  2220 | D:3      | Reached skill level 5 in Shields
  2470 | D:3      | Found a runed translucent door.
  2471 | D:3      | Noticed Crazy Yiuf
  2500 | D:3      | Reached XP level 7. HP: 61/61 MP: 7/7
  2886 | D:3      | Killed Crazy Yiuf
  3077 | D:4      | HP: 2/61 [Pikel/+2 whip of electrocution (13)]
  3418 | D:4      | Noticed Natasha
  3424 | D:4      | Killed Natasha
  3435 | D:4      | Noticed Natasha
  3442 | D:4      | Killed Natasha
  3592 | D:4      | Killed Pikel
  3593 | D:4      | Reached skill level 6 in Axes
  3593 | D:4      | Reached XP level 8. HP: 32/71 MP: 8/8
  4046 | D:4      | Found a glowing silver altar of Zin.
  4078 | D:4      | Reached skill level 7 in Axes
  4264 | D:5      | Entered Level 5 of the Dungeon
  4654 | D:5      | Reached XP level 9. HP: 44/79 MP: 9/9
  5152 | D:5      | Reached skill level 8 in Axes
  5635 | D:6      | Found a blossoming altar of Fedhas.
  5695 | D:6      | Found Pogucion's Antique Weapon Shop.
  5770 | D:6      | Found a hide-covered altar of Uskayaw.
  5779 | D:6      | Noticed Eustachio
  5791 | D:6      | Killed Eustachio
  6006 | D:6      | Found a sparkling altar of Nemelex Xobeh.
  6350 | D:7      | Reached skill level 9 in Axes
  6361 | D:7      | Found a bloodstained altar of Trog.
  6485 | D:7      | Found a basalt altar of Yredelemnul.
  6673 | D:7      | Found a staircase to the Ecumenical Temple.
  6968 | Temple   | Entered the Ecumenical Temple
  7091 | D:8      | Found a sacrificial altar of Ru.
  7095 | D:8      | Reached XP level 10. HP: 91/91 MP: 10/10
  7367 | D:8      | Found a shadowy altar of Dithmenos.
  7457 | D:8      | Found a shimmering blue altar of Sif Muna.
  7578 | D:8      | Found Ejaen's Jewellery Boutique.
  7804 | D:9      | Found an ornate altar of the Wu Jian Council.
  7835 | D:9      | Found a stormy altar of Qazlal.
  8191 | D:9      | Reached skill level 10 in Axes
  8838 | D:9      | Noticed a two-headed ogre
  8848 | D:9      | Killed a two-headed ogre
  8849 | D:9      | Reached skill level 10 in Fighting
  9234 | D:9      | Found a staircase to the Lair.
  9432 | D:10     | Entered Level 10 of the Dungeon
  9470 | D:10     | Reached skill level 11 in Axes
  9470 | D:10     | Reached XP level 11. HP: 48/101 MP: 11/11
  9863 | D:4      | Found an opulent altar of Gozag.
  9955 | D:4      | Became a worshipper of Gozag Ym Sagoz the Greedy
 10143 | D:10     | Found a staircase to the Orcish Mines.
 10211 | Orc:1    | Entered Level 1 of the Orcish Mines
 10253 | Orc:2    | Entered Level 2 of the Orcish Mines
 10354 | Orc:2    | Noticed an orc sorcerer
 10354 | Orc:2    | Noticed an orc sorcerer
 10355 | Orc:2    | Noticed an orc sorcerer
 10358 | Orc:2    | Noticed a sun demon
 10362 | Orc:2    | Paralysed by an orc sorcerer for 3 turns
 10785 | Orc:2    | Noticed a soul eater
 10790 | Orc:1    | Paralysed by an orc sorcerer for 5 turns
 10795 | Orc:1    | HP: 2/81 [chaos spawn[an orc sorcerer] (4)]
 10795 | Orc:1    | Mangled by a chaos spawn

Illustrated notes

Levels and vault maps discovered:
D:1:      lightli_arrival_quake, layout_rooms, minmay_tall_x
D:2:      layout_rooms, shapermc_ecumenical_altar_mp_urbaneastern, basic_altar,
          dk_noncrumbling_2, nicolae_hexahallways, fountainhead, uniq_jessica
D:3:      layout_basic, xom_confusion_cloud, uniq_grinder,
          uniq_crazy_yiuf_cottage, uniq_ijyb
D:4:      layout_loops_cross, pdpol_temple_overflow_zin_treasury_gozag_greed,
          grunt_tough_drop, uniq_robin, uniq_pikel, uniq_natasha
D:5:      layout_basic, kennysheep_crisscross
D:6:      layout_basic, nicolae_overflow_crystal_walls,
          mainiacjoe_overflow_alcove_4, lemuel_tele_altar, serial_shops, shop,
          uniq_eustachio
D:7:      layout_gridville, mainiacjoe_overflow_boulevard, trog_butcher_becter,
          temple_pool_b
D:8:      wander_river, layout_cave_pools, mainiacjoe_overflow_small_starburst,
          lemuel_doored_altar, kennysheep_mini, serial_column_ruins,
          column_ruins_open_tiny, column_ruins_open_tiny, column_ruins_grid_3,
          column_ruins_open_small, column_ruins_open_small, serial_shops,
          nicolae_diamond_shop
D:9:      layout_basic, mainiacjoe_overflow_big_doors, erik_lair_dragon,
          minmay_misc_feat_square
D:10:     layout_roguey, mainiacjoe_overflow_alcove_2, erik_orc_4
Temple:   nicolae_temple_colour_theory
Orc:1:    layout_diamond_mine, basic_altar
Orc:2:    grunt_orc_gardens, layout_caves, grunt_orc_garden, grunt_orc_garden,
          grunt_orc_garden, grunt_orc_garden, hangedman_minor_magic

Skill      XL: |  1  2  3  4  5  6  7  8  9 10 |
---------------+-------------------------------+-----
Axes           | 3 4 5 6 7 9 11 | 11.3
Fighting       | 4 5 6 7 9 10 | 10.8
Armour         | 4 5 6 8 9 |  9.9
Shields        | 4 5 6 8 9 |  9.9

Action                   |  1- 3 |  4- 6 |  7- 9 | 10-12 || total
-------------------------+-------+-------+-------+-------++-------
Melee: War axe           |    49 |    66 |   263 |   208 ||   586
Evoke: Wand              |       |       |       |     1 ||     1
  Use: Scroll            |     1 |     5 |    13 |    11 ||    30
       Potion            |       |     3 |     2 |     3 ||     8
 Stab: Invisible         |       |       |     1 |       ||     1
Armor: Scale mail        |    24 |       |       |       ||    24
       Chain mail        |       |    54 |   185 |   134 ||   373
Dodge: Dodged            |    17 |    18 |    95 |    66 ||   196
Block: Buckler           |    13 |    13 |    48 |    66 ||   140

Table legend: (Time is in decaauts)
 A = Elapsed time spent in this place.
 B = Non-inter-level travel time spent in this place.
 C = Inter-level travel time spent in this place.
 D = Time resting spent in this place.
 E = Time spent auto-exploring this place.
 F = Levels seen in this place.
 G = Mean time per level.
                   A        B        C        D        E       F      G
               +--------+--------+--------+--------+--------+-----+--------+
         Total |  10921 |  10157 |    764 |   1973 |   6247 |  13 |  840.1 |
       Dungeon |  10244 |   9490 |    754 |   1600 |   6091 |  10 | 1024.4 |
        Temple |     91 |     81 |     10 |      0 |     64 |   1 |   91.0 |
  Orcish Mines |    585 |    585 |      0 |    373 |     92 |   2 |  292.5 |
               +--------+--------+--------+--------+--------+-----+--------+

Top non-repeatable levels by time:
     D:9: 1757 daAuts
     D:4: 1596 daAuts
     D:3: 1393 daAuts
     D:5: 1383 daAuts
     D:2: 1139 daAuts
     D:7: 772 daAuts
     D:6: 716 daAuts
     D:8: 707 daAuts
     D:1: 565 daAuts
   Orc:1: 435 daAuts
    D:10: 210 daAuts
   Orc:2: 149 daAuts
  Temple: 91 daAuts
